 Dungeon Crawl Stone Soup version 0.30-a0-953-g5f1da4a474 (webtiles) character file.

Game seed: 14475299974585561536

137 dialectric the Covert (level 5, -7/39 HPs)
             Began as a Spriggan Brigand on Mar 28, 2023.
             Killed by divine providence
             ... invoked by an orc priest
              (8 damage)
             ... on level 3 of the Dungeon.
             The game lasted 00:01:56 (1029 turns).

dialectric the Covert (Spriggan Brigand)            Turns: 1029, Time: 00:01:56

Health: -7/39      AC: 22    Str:  7    XL:     5   Next: 0%
Magic:  6/6        EV:  4    Int: 12    God:
Gold:   45         SH:  0    Dex: 19    Spells: 4/4 levels left

rFire   . . .      SeeInvis +    l - +2 dagger (venom)
rCold   . . .      Faith    .    (no shield)
rNeg    . . .      Spirit   .    m - melded +2 robe {rN+}
rPois   +          Reflect  .    (helmet currently unavailable)
rElec   .          Rampage  .    c - melded +0 cloak
rCorr   .          NoTele   +    (gloves unavailable)
Will    .....                    (boots unavailable)
Stlth   ++++                     (no amulet)
HPRegen 0.26/turn                j - ring of poison resistance
MPRegen 0.10/turn                (no ring)

@: brilliant, tree-form
A: stationary, stasis, torment immunity, boosted hp, very small, no large
weapons, unfitting armour, see invisible, (speed 3)
a: no special abilities


You were on level 3 of the Dungeon.
You were a tree.
You visited 1 branch of the dungeon, and saw 3 of its levels.

You collected 45 gold pieces.

Inventory:

Hand Weapons
 a - a +2 dagger
 l - a +2 dagger of venom (weapon)
Missiles
 d - 8 poisoned darts (quivered)
Armour
 b - a +0 robe
 c - a +0 cloak (melded)
 m - a +2 robe of positive energy (melded)
Jewellery
 j - a ring of poison resistance (left branch)
Scrolls
 g - 3 scrolls of amnesia {unknown}
 h - a scroll of teleportation {unknown}
 n - a scroll of identify {unknown}
 o - a scroll of magic mapping {unknown}
Potions
 i - a potion of degeneration {unknown}
 k - 3 potions of brilliance


   Skills:
 + Level 1.7 Fighting
 + Level 3.2 Short Blades
 + Level 2.0 Throwing
 + Level 2.2 Dodging
 + Level 8.5 Stealth


You had 4 spell levels left.
You didn't know any spells.
Your spell library was empty.

Dungeon Overview and Level Annotations

Branches:
Dungeon (2/15)

Altars:


Innate Abilities, Weirdness & Mutations

You are a tree.
Your roots penetrate the ground, keeping you stationary.
You cannot be teleported.
You are immune to unholy pain and torment.
Your maximum health is greatly increased.
Your equipment is partially melded.
You are very small and have problems with some larger weapons.
You are too small for most types of armour.
You have supernaturally acute eyesight. (SInv)
((You cover ground extremely quickly. (Speed+++)))


Message History

An orc priest comes into view.
It is wielding a +2 short sword of speed.
You have reached level 5!
You feel agile.
You hit the orc wizard.
The orc wizard is poisoned.
The orc wizard is lightly wounded.
The orc wizard hits you but does no damage.
You barely miss the orc wizard.
The orc wizard is lightly wounded.
Throw: dart (curare)
Press: ? - help, Q - select action, (/) - cycle Shift-Dir - straight line, f - orc wizard
Aim: an orc wizard, wielding a +0 dagger and wearing a +0 robe (lightly wounded, very poisoned, 55% to hit)
You throw a curare-tipped dart.
The curare-tipped dart barely misses the orc wizard.
The orc wizard hits you but does no damage.
Unknown command.
Throw: 9 darts (poison)
Press: ? - help, Q - select action Shift-Dir - straight line, f/p - orc wizard
Aim: an orc wizard, wielding a +0 dagger and wearing a +0 robe (moderately wounded, very poisoned, 55% to hit)
You throw a poisoned dart.
The poisoned dart barely misses the orc wizard.
The poisoned dart hits the orc priest.
The orc priest is poisoned.
The orc wizard hits you but does no damage.
Unknown command.
You hit the orc wizard.
The orc wizard is heavily wounded.
The orc wizard hits you but does no damage.
The orc priest calls down the wrath of Beogh upon you.
Beogh smites you!
* * * LOW HITPOINT WARNING * * *
You closely miss the orc wizard.
The orc wizard is heavily wounded.
The orc wizard hits you but does no damage.
The orc priest calls upon Beogh to heal the orc wizard.
The orc wizard is healed somewhat.
You hear a bark!
You closely miss the orc wizard.
The orc wizard is lightly wounded.
The orc priest calls down the wrath of Beogh upon you.
Beogh smites you!
You die...

#.. #. #o. #.. #.
#.. #.# ...###o.
#.# #.......## #.#
#..# #...# #.#
#..#####.# #.#
#.....##.#####.#
###..#.........#♣#
.....#.#######>#o#
....##.# #.)o####
###.##.# #..(...#
###....#
#.####.......
....##.# #.#
##..### ######.#
#.# .# #.# #.# #
#.. .$#


You could see an orc priest (poisoned) and an orc wizard (poisoned).

Vanquished Creatures
  An orc priest (D:3)
  Jessica (D:2)
  An orc wizard (D:3)
  An adder (D:3)
  2 worms (D:2)
  An orc (D:3)
  A ball python (D:1)
  4 bats (D:1)
  5 endoplasms
  A giant cockroach (D:1)
  2 goblins
  2 hobgoblins
  5 jackals (D:3)
  5 kobolds
  A quokka (D:1)
  4 frilled lizards
  3 rats
40 creatures vanquished.

Notes
Turn   | Place    | Note
-------+----------+-------------------------------------------
     0 | D:1      | dialectric the Spriggan Brigand began the quest for the
                  | Orb.
     0 | D:1      | Reached XP level 1. HP: 10/10 MP: 2/2
    62 | D:1      | Reached skill level 6 in Stealth
   130 | D:1      | Reached XP level 2. HP: 13/14 MP: 3/3
   509 | D:2      | Reached skill level 7 in Stealth
   582 | D:2      | Reached XP level 3. HP: 14/18 MP: 4/4
   645 | D:2      | Noticed Jessica
   647 | D:2      | Killed Jessica
   860 | D:2      | You fall into a shaft and drop 1 floor!
   919 | D:3      | Reached XP level 4. HP: 23/23 MP: 5/5
  1004 | D:3      | Reached skill level 8 in Stealth
  1023 | D:3      | Reached XP level 5. HP: 11/26 MP: 6/6
  1027 | D:3      | HP: 1/39 [orc priest/divine providence (11)]
  1029 | D:3      | Killed from afar by an orc priest

Illustrated notes

Levels and vault maps discovered:
D:1:      lightli_arrival_chessboard, layout_rooms
D:2:      wander_river, layout_loops_corners, basic_altar,
          kennysheep_generic_room_3, uniq_jessica
D:3:      layout_loops_ring

Skill      XL: |  1  2  3  4 |
---------------+-------------+-----
Stealth        | 6 7 8 |  8.5
Dodging        | 2 |  2.2
Short Blades   | 3 |  3.2
Fighting       | |  1.7
Throwing       | |  2.0

Action                     |  1- 3 |  4- 6 || total
---------------------------+-------+-------++-------
  Melee: Dagger            |    97 |    29 ||   126
         Punch             |       |     1 ||     1
  Throw: Dart              |       |     4 ||     4
    Use: Potion            |       |     2 ||     2
   Stab: Sleeping          |    10 |     3 ||    13
 Armour: Robe              |    16 |     3 ||    19
         Skin              |       |    17 ||    17
  Dodge: Dodged            |    73 |    29 ||   102

Table legend: (Time is in decaauts)
 A = Elapsed time spent in this place.
 B = Non-inter-level travel time spent in this place.
 C = Inter-level travel time spent in this place.
 D = Time resting spent in this place.
 E = Time spent auto-exploring this place.
 F = Levels seen in this place.
 G = Mean time per level.
                   A        B        C        D        E       F      G
               +--------+--------+--------+--------+--------+-----+--------+
         Total |    682 |    659 |     23 |      0 |    405 |   3 |  227.3 |
       Dungeon |    682 |    659 |     23 |      0 |    405 |   3 |  227.3 |
               +--------+--------+--------+--------+--------+-----+--------+

Top non-repeatable levels by time:
     D:1: 287 daAuts
     D:2: 273 daAuts
     D:3: 121 daAuts
